 Dungeon Crawl Stone Soup version 0.27-a0-103-g6cd7b45605 (webtiles) character file.

Game seed: 17320249957568102832

37 Ishchenko the Insei (level 3, 0/29 HPs)
             Began as a Human Monk on Jan 23, 2021.
             Slain by a giant cockroach (1 damage)
             ... on level 2 of the Dungeon.
             The game lasted 00:01:23 (1502 turns).

Ishchenko the Insei (Human Monk)                    Turns: 1502, Time: 00:01:23

Health: 0/29       AC:  2    Str: 11    XL:     3   Next: 62%
Magic:  3/3        EV: 14    Int: 10    God:
Gold:   67         SH:  0    Dex: 16    Spells: 2/2 levels left

rFire    . . .     SeeInvis .     - Unarmed
rCold    . . .     Faith    .   (no shield)
rNeg     . . .     Spirit   .   a - +0 robe
rPois    .         Reflect  .   (no helmet)
rElec    .         Harm     .   (no cloak)
rCorr    .         Rampage  .   (no gloves)
Will     .....                  (no boots)
Stlth    ++........             (no amulet)
HPRegen  0.09/turn              (no ring)
MPRegen  0.08/turn              (no ring)

@: no status effects
A: no striking features
a: no special abilities


You were on level 2 of the Dungeon.
You visited 1 branch of the dungeon, and saw 2 of its levels.

You collected 67 gold pieces.

Inventory:

Armour
 a - a +0 robe (worn)
Jewellery
 e - an uncursed ring of wizardry {unknown}
Scrolls
 d - a scroll of remove curse {unknown}
 f - a scroll of blinking {unknown}
 g - a scroll of enchant weapon {unknown}
Potions
 b - a potion of attraction {unknown}
 c - 2 potions of curing {unknown}


   Skills:
 + Level 3.2 Fighting
 + Level 3.3 Dodging
 + Level 2.4 Stealth
 + Level 3.6 Unarmed Combat


You had 2 spell levels left.
You didn't know any spells.
Your spell library was empty.

Dungeon Overview and Level Annotations

Branches:
Dungeon (2/15)

Altars:


Message History

* * * LOW HITPOINT WARNING * * *
The rat barely misses you.
You hit the rat but do no damage.
The rat is heavily wounded.
The giant cockroach closely misses you. The rat bites you.
* * * LOW HITPOINT WARNING * * *
The giant cockroach bites you but does no damage.
You hit the rat.
You kill the rat!
The giant cockroach barely misses you.
You barely miss the giant cockroach. Your punch misses the giant cockroach.
The giant cockroach is moderately wounded.
The giant cockroach barely misses you.
You barely miss the giant cockroach.
The giant cockroach is moderately wounded.
The giant cockroach closely misses you.
You closely miss the giant cockroach.
The giant cockroach is moderately wounded.
The giant cockroach bites you.
You die...

#.... ..### #......#
###.... .....####......#
#...... #).....#.......
+...... ##......#.....#
#......
..............####......
............. #........#
.......B..#####..).....#
.......@.....##........#
.....#....##..#........(
..........+.............
..........##..####+##)..
..........##..# #.......
###+#.....##..# #.......
#.....##... #.......
#####.##.......#####
.......#


You could see a giant cockroach.

Vanquished Creatures
  A worm (D:2)
  A dart slug (D:1)
  A leopard gecko (D:2)
  A giant cockroach (D:1)
  5 goblins
  2 hobgoblins (D:1)
  2 jackals (D:1)
  2 bats (D:1)
  4 frilled lizards
  6 kobolds
  8 rats
33 creatures vanquished.

Notes
Turn   | Place    | Note
-------+----------+-------------------------------------------
     0 | D:1      | Ishchenko the Human Monk began the quest for the Orb.
     0 | D:1      | Reached XP level 1. HP: 18/18 MP: 1/1
   466 | D:1      | Reached XP level 2. HP: 24/24 MP: 2/2
   882 | D:1      | Reached XP level 3. HP: 29/29 MP: 3/3
  1498 | D:2      | HP: 1/29 [rat (3)]
  1502 | D:2      | Slain by a giant cockroach

Illustrated notes

Levels and vault maps discovered:
D:1:      sevenhm_arrival_forest_fort_small_5, layout_loops_corners
D:2:      layout_basic, makhleb_blood_cavern_becter, amcnicky_mini_pool_small,
          minmay_puff, uniq_robin

Action                   || total
-------------------------++-------
Melee: Unarmed           ||   135
 Stab: Sleeping          ||     8
Armor: Robe              ||    19
Dodge: Dodged            ||    81

Table legend: (Time is in decaauts)
 A = Elapsed time spent in this place.
 B = Non-inter-level travel time spent in this place.
 C = Inter-level travel time spent in this place.
 D = Time resting spent in this place.
 E = Time spent auto-exploring this place.
 F = Levels seen in this place.
 G = Mean time per level.
                   A        B        C        D        E       F      G
               +--------+--------+--------+--------+--------+-----+--------+
         Total |   1495 |   1479 |     16 |    168 |   1065 |   2 |  747.5 |
       Dungeon |   1495 |   1479 |     16 |    168 |   1065 |   2 |  747.5 |
               +--------+--------+--------+--------+--------+-----+--------+

Top non-repeatable levels by time:
     D:1: 1290 daAuts
     D:2: 205 daAuts
